 Dungeon Crawl Stone Soup version 0.27.0-1-g7a089689b8 (webtiles) character file.

Game seed: 15472575380477280251

620 trckry the Slasher (level 7, 0/43 (46) HPs)
             Began as a Human Wanderer on Aug 8, 2021.
             Was a Believer of Hepliaklqana.
             Slain by a wight (8 damage)
             ... on level 4 of the Dungeon.
             The game lasted 00:08:31 (5604 turns).

trckry the Slasher (Human Wanderer)                 Turns: 5604, Time: 00:08:32

HP:   0/43 (46)     AC:  5    Str: 15    XL:     7   Next: 75%
MP:   7/7           EV: 11    Int: 11    God:    Hepliaklqana [**....]
Gold: 171           SH:  0    Dex: 13    Spells: 5/6 levels left

rFire    . . .     SeeInvis .   r - +0 great sword
rCold    . . .     Faith    .   (shield currently unavailable)
rNeg     . . .     Spirit   .   l - +0 leather armour
rPois    .         Reflect  .   g - +1 helmet
rElec    .         Harm     .   (no cloak)
rCorr    +         Rampage  .   (no gloves)
Will     .....                  (no boots)
Stlth    ++........             (no amulet)
HPRegen  0.14/turn              k - ring of resist corrosion
MPRegen  0.10/turn              (no ring)

@: drained
A: reduced essence
a: Renounce Religion, Ancestor Life: Knight, Ancestor Life: Battlemage, Ancestor
Life: Hexer, Recall Ancestor, Ancestor Identity


You were on level 4 of the Dungeon.
You worshipped Hepliaklqana.
Hepliaklqana was pleased with you.
You visited 1 branch of the dungeon, and saw 4 of its levels.

You collected 171 gold pieces.

Inventory:

Hand Weapons
 r - a +0 great sword (weapon)
 u - a +1 dagger of electrocution
Missiles
 m - 10 poisoned darts (quivered)
Armour
 g - a +1 helmet (worn)
 l - a +0 leather armour (worn)
Jewellery
 k - a ring of resist corrosion (left hand)
 x - a ring of protection from fire
Wands
 q - a wand of mindburst (8)
 v - a wand of iceblast (8)
Scrolls
 a - a scroll of teleportation {unknown}
 d - 2 scrolls of magic mapping {unknown}
 f - 2 scrolls of identify {unknown}
 j - 4 scrolls of blinking {unknown}
 o - 2 scrolls of noise {unknown}
 p - a scroll of brand weapon {unknown}
 t - 2 scrolls of immolation {unknown}
Potions
 b - a potion of curing
 c - 2 potions of brilliance {unknown}
 e - a potion of heal wounds {unknown}
 h - a potion of haste {unknown}
 i - a potion of degeneration {unknown}
 n - a potion of invisibility {unknown}
 s - a potion of flight {unknown}
 w - a potion of mutation {unknown}


   Skills:
 - Level 3.0 Fighting
 * Level 7.9 Long Blades
 - Level 1.0 Dodging
 - Level 2.0 Stealth
 - Level 3.0 Summonings


You had 5 spell levels left.
You knew the following spells:

 Your Spells              Type           Power      Damage    Failure   Level
a - Magic Dart            Conj           0%         1d3       41%         1

Your spell library contained the following spells:

 Spells                   Type           Power      Damage    Failure   Level
 Call Imp                 Summ           6%         N/A       19%         2
 Shock                    Conj/Air       0%         1d3       41%         1
 Blink                    Tloc           N/A        N/A       54%         2
 Slow                     Hex            0%         N/A       54%         2
 Conjure Flame            Conj/Fire      0%         6-21      78%         3
 Mephitic Cloud           Conj/Pois/Air  0%         N/A       78%         3
 Swiftness                Air            0%         N/A       78%         3
 Airstrike                Air            0%         N/A       99%         4


Dungeon Overview and Level Annotations

Branches:
Dungeon (4/15)
 Temple: D:4-7

Altars:
Hepliaklqana

Annotations:
D:3 2 transporters, Carnifexus's ghost, amateur GnWn


Message History

The giant cockroach bites you but does no damage.
You take 1 damage, and have 45/46 hp.
You hit the giant cockroach.
The giant cockroach is severely wounded.
The giant cockroach bites you but does no damage.
You slash the giant cockroach!
You kill the giant cockroach!
A wight comes into view. It is wielding a +0 long sword.
Keminub hits the wight but does no damage.
Health restored: 46 Keminub hits the wight.
You closely miss the wight.
The wight is moderately damaged.
The wight hits you with a +5 short sword of freezing.
The wight freezes you.
Keminub hits the wight but does no damage.
The wight hits Keminub with a +5 short sword of freezing!
The wight freezes Keminub.
You take 9 damage, and have 37/46 hp.
You hit the wight.
The wight is moderately damaged.
Keminub hits the wight.
The wight hits you with a +5 short sword of freezing!
You feel drained. The wight freezes you.
You take 18 damage, and have 19/44 hp.
MASSIVE DAMAGE!!
You closely miss the wight.
The wight is heavily damaged.
Keminub misses the wight.
The wight hits you with a +5 short sword of freezing.
* * * LOW HITPOINT WARNING * * *
You feel drained.
* * * LOW HITPOINT WARNING * * *
The wight freezes you.
* * * LOW HITPOINT WARNING * * *
You take 11 damage, and have 8/43 hp.
MASSIVE DAMAGE!!
You hit the wight.
The wight is severely damaged.
Keminub hits the wight.
The wight hits you with a +5 short sword of freezing!
You die...

######(. #...#⌠..
#...##.. #...##..
#...##.. ###########
#...#8.. ..#......#
###.##.. #z#......#
#.#+.. ###.##.#@..>..#
##..... .......z......#
#......
.......R....#######).....
...........≈≈≈≈≈≈≈≈....##
8..8###≈≈≈≈≈≈≈≈≈≈≈≈≈≈≈###
8.. ≈≈≈≈≈≈≈≈≈≈≈≈≈≈≈≈≈≈≈≈#
≈. ≈≈≈≈≈≈≈≈≈≈≈≈≈≈≈≈≈≈≈≈≈
≈ ≈≈≈≈≈≈≈≈≈≈####≈≈≈≈≈≈≈≈
≈≈≈≈≈≈......#####≈≈≈≈≈


You could see the friendly Keminub the ancestor and a wight (ally target).

Vanquished Creatures
  Sigmund (D:4)
  A phantom (D:4)
  A wight (D:4)
  A hound (D:3)
  An orc priest (D:4)
  3 iguanas (D:4)
  A hound skeleton (D:4)
  4 adders
  2 adder skeletons (D:4)
  2 worms
  A dart slug (D:1)
  8 orcs
  7 ball pythons
  8 endoplasms
  2 giant cockroaches (D:4)
  7 goblins
  7 hobgoblins
  6 jackals (D:1)
  3 quokkas
  7 bats
  2 frilled lizards
  3 kobolds
  3 rats
81 creatures vanquished.

Vanquished Creatures (collateral kills)
  A hound (D:4)
  2 adders
  2 orcs (D:3)
  An endoplasm (D:4)
  A goblin (D:4)
  A hobgoblin (D:3)
  A quokka (D:4)
  2 ball pythons
  A frilled lizard (D:3)
  A kobold (D:2)
13 creatures vanquished.

Vanquished Creatures (others)
  An ancestor (D:4)
1 creature vanquished.

Grand Total: 95 creatures vanquished

Notes
Turn   | Place    | Note
-------+----------+-------------------------------------------
     0 | D:1      | trckry the Human Wanderer began the quest for the Orb.
     0 | D:1      | trckry set off with the following items: a +0 falchion, a
                  | potion of curing, a +0 robe, a +0 dagger; and the following
                  | spell memorised: Magic Dart; and the following spells
                  | available to memorise: Call Imp, Blink, Slow, Conjure
                  | Flame, Mephitic Cloud
     0 | D:1      | Reached XP level 1. HP: 18/18 MP: 1/1
   356 | D:1      | Reached skill level 2 in Long Blades
   356 | D:1      | Reached XP level 2. HP: 18/24 MP: 2/2
   738 | D:1      | Reached XP level 3. HP: 6/29 MP: 3/3
  1063 | D:1      | Reached skill level 3 in Long Blades
  1625 | D:2      | Found a faded altar of an unknown god.
  1845 | D:2      | Became a worshipper of Hepliaklqana the Forgotten
  1845 | D:2      | Reached * piety under Hepliaklqana
  2007 | D:2      | Reached XP level 4. HP: 21/31 MP: 4/4
  2361 | D:2      | Reached skill level 4 in Long Blades
  2969 | D:3      | Reached ** piety under Hepliaklqana
  3039 | D:3      | Reached XP level 5. HP: 33/36 MP: 5/5
  3580 | D:3      | Reached skill level 5 in Long Blades
  3622 | D:3      | Found a transporter.
  3622 | D:3      | Noticed Carnifexus's ghost (amateur GnWn)
  3787 | D:3      | Found a transporter.
  4253 | D:4      | Reached XP level 6. HP: 41/42 MP: 6/6
  4475 | D:4      | Reached skill level 6 in Long Blades
  4875 | D:4      | Reached XP level 7. HP: 21/46 MP: 7/7
  5153 | D:4      | Noticed Sigmund
  5171 | D:4      | Killed Sigmund
  5172 | D:4      | Reached skill level 7 in Long Blades
  5604 | D:4      | Slain by a wight

Illustrated notes

Levels and vault maps discovered:
D:1:      psy_arrival_fountain, layout_loops_cross
D:2:      minmay_wonky_spiral, layout_basic,
          ebering_ecumenical_altar_sacrificial
D:3:      layout_loops_corners, gammafunk_ghost_mausoleum, serial_park_tiny_1,
          bh_walls_and_bars
D:4:      wander_river, layout_basic, grunt_decor_fettered,
          corexii_hall_statues_i, nrook_uturn, mrwooster_statue_mirror,
          uniq_sigmund

Skill      XL: |  1  2  3  4  5  6  7 |
---------------+----------------------+-----
Long Blades    | 2 3 4 5 6 7 |  7.9
Fighting       | |  3.0
Dodging        | |  1.0
Stealth        | |  2.0
Summonings     | |  3.0

Action                   |  1- 3 |  4- 6 |  7- 9 || total
-------------------------+-------+-------+-------++-------
Melee: Falchion          |    99 |    40 |       ||   139
       Great sword       |       |    96 |    24 ||   120
Throw: Dart              |       |     1 |       ||     1
 Stab: Sleeping          |     2 |     2 |       ||     4
Armor: Robe              |    24 |       |       ||    24
       Leather armour    |    11 |    62 |    10 ||    83
Dodge: Dodged            |    59 |    91 |    12 ||   162
       Rpst.: Falchion   |    19 |    10 |       ||    29
       Great sword       |       |    21 |     3 ||    24
